 Dungeon Crawl Stone Soup version 0.22-a0-425-g89d60a1 (webtiles) character file.

955 Gorice the Chiller (level 7, 0/52 HPs)
             Began as a Demonspawn Wanderer on May 23, 2018.
             Was an Initiate of Vehumet.
             Slain by an ogre
             ... wielding a +0 giant club
              (10 damage)
             ... on level 5 of the Dungeon on May 24, 2018.
             The game lasted 00:26:36 (5873 turns).

Gorice the Chiller (Demonspawn Wanderer)            Turns: 5873, Time: 00:26:37

Health: 0/52       AC:  5    Str: 12    XL:     7   Next: 91%
Magic:  7/14       EV: 11    Int: 17    God:    Vehumet [......]
Gold:   275        SH:  0    Dex: 11    Spells: 11/15 levels left

rFire    + . .     SeeInvis .   a - +4 rapier (flame)
rCold    . . .     Gourm    +   (no shield)
rNeg     . . .     Faith    .   e - +0 robe
rPois    .         Spirit   .   (no helmet)
rElec    .         Reflect  .   l - +2 cloak
rCorr    .         Harm     .   (no gloves)
MR       .....                  (no boots)
Stlth    ++........             y - amulet of the gourmand
HPRegen  0.17/turn              p - ring of protection from fire
MPRegen  0.14/turn              u - ring of stealth

@: no status effects
A: hooves 2
a: Renounce Religion


You were on level 5 of the Dungeon.
You worshipped Vehumet.
Vehumet was noncommittal.
You were completely stuffed.

You visited 2 branches of the dungeon, and saw 6 of its levels.
You also visited: Sewer.

You collected 275 gold pieces.

Inventory:

Hand Weapons
 a - a +4 rapier of flaming (weapon)
   (You took it off Eustachio on level 4 of the Dungeon)
 b - a +3 dagger
 q - the +2 mace of Uskayaw {elec, rF+ Str+2 Int+6 Dex-4, unknown}
   (You found it on level 4 of the Dungeon)

   Occasionally, upon striking a foe, it will discharge some electrical energy
   and cause terrible harm.
   It affects your strength (+2).
   It affects your intelligence (+6).
   It affects your dexterity (-4).
   It protects you from fire.
 B - a +0 blowgun
Missiles
 t - 14 poisoned needles
 Y - 270 stones (quivered)
 Z - a throwing net
Armour
 e - a +0 robe (worn)
 l - a +2 cloak (worn)
 n - a +0 ring mail
 A - a scarf of repulsion
   (You found it on level 4 of the Dungeon)
 C - a +0 plate armour
Jewellery
 i - an uncursed amulet of faith {!P}
 p - a ring of protection from fire (left hand)
 r - a +4 ring of strength
 u - a ring of stealth (right hand)
 y - an amulet of the gourmand (around neck)
Scrolls
 j - 3 scrolls of remove curse
 k - a scroll of identify
 v - a scroll of amnesia
 w - a scroll of fear {!r}
Potions
 h - 2 potions of heal wounds {!q}
 m - 2 potions of agility {!q}
 o - a potion of invisibility {!q}
 s - a potion of magic {!q}
 z - a potion of flight
Comestibles
 f - 8 rations


   Skills:
 - Level 3.0 Fighting
 - Level 1.0 Dodging
 - Level 1.7 Stealth
 + Level 4.7 Spellcasting
 * Level 7.0 Ice Magic
   Level 1.0 Evocations


You had 11 spell levels left.
You knew the following spells:

 Your Spells              Type           Power        Failure   Level  Hunger
a - Freeze                Ice            ####         1%          1    None
b - Ozocubu's Armour      Chrm/Ice       ###.....     11%         3    ###....

Your spell library contained the following spells:

 Spells                   Type           Power        Failure   Level  Hunger


Dungeon Overview and Level Annotations

Branches:
Dungeon (5/15)             Temple (1/1) D:4

Altars:
Ashenzari
Cheibriados
Dithmenos
Elyvilon
Fedhas
Gozag
Hepliaklqana
Kikubaaqudgha
Makhleb
Nemelex Xobeh
Okawaru
Qazlal
Ru
Sif Muna
Trog
Uskayaw
Vehumet
Wu Jian
Xom
Yredelemnul
Zin
The Shining One

Annotations:
D:4 Tiareth's ghost, amateur TrEE


Innate Abilities, Weirdness & Mutations

You have hoof-like feet.


Message History

Press: ? - help, Shift-Dir - straight line, f - centaur
Aim: a centaur, wearing a robe You freeze the centaur.
The centaur is heavily wounded.
The centaur hits you. x2
Damage: 7 (max 7)
Casting: Freeze (safe; 1% risk of failure)
Confirm with . or Enter, or press ? or * to list all spells.
A film of ice covers your body! The centaur closely misses you.
Your icy armour cracks and falls away as you move.
The centaur barely misses you.
The centaur hits you but does no damage.
The centaur wields a shortbow.
The centaur shoots an arrow.
The arrow hits you.
You see here an arrow.
Damage: 4 (max 7)
Casting: Ozocubu's Armour (safe; 11% risk of failure)
Confirm with . or Enter, or press ? or * to list all spells.
Aiming: Freeze (safe; 1% risk of failure)
Press: ? - help, Shift-Dir - straight line, f - ogre, p - centaur
Aim: an ogre, wielding a giant club You freeze the ogre.
The ogre is lightly wounded.
The ogre hits you with a giant club!!
* * * LOW HITPOINT WARNING * * *
Damage: 22 (max 22) Unknown command.
Casting: Freeze (safe; 1% risk of failure)
Confirm with . or Enter, or press ? or * to list all spells.
Aiming: Freeze (safe; 1% risk of failure)
Press: ? - help, Shift-Dir - straight line, f/p - ogre
Aim: an ogre, wielding a giant club (lightly wounded)
You freeze the ogre.
The ogre is heavily wounded.
Casting: Freeze (safe; 1% risk of failure)
Confirm with . or Enter, or press ? or * to list all spells.
Aiming: Freeze (safe; 1% risk of failure)
Press: ? - help, Shift-Dir - straight line, f/p - ogre
Aim: an ogre, wielding a giant club (heavily wounded)
You freeze the ogre.
The ogre is heavily wounded.
The ogre barely misses you.
Casting: Freeze (safe; 1% risk of failure)
Confirm with . or Enter, or press ? or * to list all spells.
Aiming: Freeze (safe; 1% risk of failure)
Press: ? - help, Shift-Dir - straight line, f/p - ogre
Aim: an ogre, wielding a giant club (heavily wounded)
You freeze the ogre.
The ogre is severely wounded.
The ogre hits you with a giant club!
You die...

##... .. ##...# ...
## #..... ...
...##....####.#
........#...#
.........#.#
#.....##.#
##..#)..#.#
#...#@#...# #
##.#)#O###)#######
#. #..#..c#
#......?.
#.#..<.#.###.###....
#....###..##.## ..
###..#.###.!...O..
..#....##.........
#.................
[...................


You could see an ogre and a centaur.

Vanquished Creatures
  Eustachio (D:4)
  2 ogres (D:5)
  A crocodile (Sewer)
  Blork the orc (D:4)
  3 howler monkeys (D:4)
  A crimson imp (D:5)
  3 hounds (D:4)
  2 orc priests
  Crazy Yiuf (D:3)
  A worker ant (D:4)
  3 adders
  3 oozes
  7 worms
  2 dart slugs
  3 leopard geckos
  10 orcs
  8 bats
  3 giant cockroaches (D:4)
  4 goblins
  7 hobgoblins
  13 jackals
  6 quokkas
  3 ball pythons
  5 frilled lizards
  9 kobolds
  9 rats
111 creatures vanquished.

Vanquished Creatures (others)
  An orc (D:4)
  A bat (D:3)
2 creatures vanquished.

Grand Total: 113 creatures vanquished

Notes
Turn   | Place    | Note
-------+----------+-------------------------------------------
     0 | D:1      | Gorice the Demonspawn Wanderer began the quest for the Orb.
     0 | D:1      | Gorice set off with: a +2 dagger, a potion of berserk rage, a +0 spear, a +0 robe, a ration
     0 | D:1      | Reached XP level 1. HP: 18/18 MP: 2/2
     2 | D:1      | Learned a level 1 spell: Freeze
    58 | D:1      | Reached skill level 2 in Ice Magic
   431 | D:1      | Gained mutation: You have large cloven feet. [demonic ancestry]
   431 | D:1      | Reached XP level 2. HP: 21/24 MP: 0/3
  1234 | D:2      | Reached XP level 3. HP: 17/29 MP: 0/5
  1608 | D:2      | Reached skill level 3 in Ice Magic
  2085 | D:2      | Upgraded the game from 0.22-a0-423-g4197694 to 0.22-a0-425-g89d60a1
  2117 | D:3      | Reached skill level 2 in Spellcasting
  2342 | D:3      | Found a runed door.
  2365 | D:3      | Reached XP level 4. HP: 33/35 MP: 3/7
  2696 | D:3      | Noticed a moth of wrath
  2699 | D:3      | Found a bloodstained altar of Trog.
  2997 | D:3      | Found a stormy altar of Qazlal.
  3385 | D:3      | Found a faded altar of an unknown god.
  3467 | D:3      | Noticed Crazy Yiuf
  3476 | D:3      | Killed Crazy Yiuf
  3476 | D:3      | Reached skill level 4 in Ice Magic
  3476 | D:3      | Reached XP level 5. HP: 25/41 MP: 0/8
  3599 | D:4      | Noticed Tiareth's ghost (amateur TrEE)
  3742 | D:4      | Noticed Eustachio
  3753 | D:4      | HP: 12/41 [Eustachio/rapier of flaming (4)]
  3756 | D:4      | Killed Eustachio
  3756 | D:4      | Reached skill level 3 in Spellcasting
  3756 | D:4      | Gained mutation: You have hoof-like feet. [demonic ancestry]
  3756 | D:4      | Reached XP level 6. HP: 9/47 MP: 3/10
  3890 | D:4      | Found a glowing drain.
  3913 | D:4      | Reached skill level 5 in Ice Magic
  3922 | D:4      | Found an opulent altar of Gozag.
  3967 | Sewer    | Entered a sewer
  3973 | Sewer    | Learned a level 3 spell: Ozocubu's Armour
  4267 | D:4      | Found a glowing golden altar of the Shining One.
  4268 | D:4      | Found a sacrificial altar of Ru.
  4268 | D:4      | Found a snail-covered altar of Cheibriados.
  4268 | D:4      | Found a blossoming altar of Fedhas.
  4269 | D:4      | Found a white marble altar of Elyvilon.
  4344 | D:4      | Got a crystal mace
  4408 | D:4      | Reached XP level 7. HP: 45/52 MP: 7/12
  4473 | D:4      | HP: 4/52 [orc priest/nerve-wracking pain (13)]
  4796 | D:4      | Reached skill level 4 in Spellcasting
  4796 | D:4      | Reached skill level 6 in Ice Magic
  5218 | D:4      | Found a staircase to the Ecumenical Temple.
  5218 | D:4      | Noticed Blork the orc
  5226 | D:4      | Killed Blork the orc
  5232 | Temple   | Entered the Ecumenical Temple
  5464 | Temple   | Became a worshipper of Vehumet
  5572 | D:5      | Entered Level 5 of the Dungeon
  5711 | D:5      | Reached skill level 7 in Ice Magic
  5870 | D:5      | HP: 9/52 [ogre/giant club (22)]
  5873 | D:5      | Slain by an ogre

Vault maps used:
D:1:      co_arrival_square_in_a_square_in_a_square, serial_forest,
          infiniplex_forest_corner_1, infiniplex_forest_end_double,
          infiniplex_forest_end_2, infiniplex_forest_end_double,
          infiniplex_forest_corner_2, infiniplex_forest_lined_3,
          infiniplex_forest_side_room, minmay_lizard_pond
D:2:      st_stairs_4
D:3:      grunt_qazlal_clouds, tgw_trog, first_ration,
          chequers_ecumenical_altar_lobes, guppyfry_early_orc_mine,
          uniq_crazy_yiuf_cottage
D:4:      grunt_temple_overflow_open, minmay_temple_entry_enclosed_plants,
          cheibrodos_sewer_entry_drain, uniq_blork_the_orc, uniq_eustachio
D:5:      dk_noncrumbling_3
Temple:   dpeg_chambers_temple
Sewer:    sewer_the_crocodile

Skill      XL: |  1  2  3  4  5  6  7 |
---------------+----------------------+-----
Ice Magic      | 2 3 4 5 7 |  7.0
Spellcasting   | 2 3 4 |  4.7
Fighting       | |  3.0
Dodging        | |  1.0
Stealth        | |  1.7
Evocations     | |  1.0

Action                   |  1- 3 |  4- 6 |  7- 9 || total
-------------------------+-------+-------+-------++-------
Melee: Dagger            |    57 |    22 |       ||    79
       Kick              |     7 |     9 |     3 ||    19
       Rapier            |       |    17 |    21 ||    38
 Fire: Blowgun           |       |     2 |       ||     2
Throw: Stone             |     8 |     5 |       ||    13
 Cast: Freeze            |    54 |    86 |    42 ||   182
       Ozocubu's Armour  |       |     1 |     3 ||     4
  Use: Scroll            |     7 |     4 |     1 ||    12
       Potion            |       |     1 |     1 ||     2
 Stab: Sleeping          |     2 |     7 |     3 ||    12
  Eat: Chunk             |     6 |    15 |    12 ||    33
Armor: Robe              |    29 |    35 |    14 ||    78
Dodge: Dodged            |    52 |    74 |    30 ||   156

Table legend:
 A = Spawn XP
 B = Non-spawn XP
 C = Spawn XP percentage of total XP
 D = Spawn monster count
 E = Non-spawn monster count
 F = Spawn count percentage of total count
 G = Total turns spent on level
                    A         B        C        D         E        F      G
               +---------+---------+-------+---------+---------+-------+---------
         Total |       0 |    1365 |   0.0 |       0 |     111 |   0.0 |  5873
               +---------+---------+-------+---------+---------+-------+---------
           D:1 |       0 |      25 |   0.0 |       0 |      14 |   0.0 |   817
           D:2 |       0 |      45 |   0.0 |       0 |      18 |   0.0 |  1271
           D:3 |       0 |     190 |   0.0 |       0 |      38 |   0.0 |  1877
           D:4 |       0 |     705 |   0.0 |       0 |      30 |   0.0 |  1190
           D:5 |       0 |     290 |   0.0 |       0 |       5 |   0.0 |   168
         Sewer |       0 |     110 |   0.0 |       0 |       6 |   0.0 |   290
               +---------+---------+-------+---------+---------+-------+---------

Table legend:
 A = Turns spent in this place as a percentage of turns spent in the entire game.
 B = Non-inter-level travel turns spent in this place as a percentage of non-inter-level travel turns spent in the entire game.
 C = Inter-level travel turns spent in this place as a percentage of turns spent in this place.
 D = Turns resting spent in this place as a percentage of non-inter-level travel turns spent in this place.
 E = Turns spent auto-exploring this place as a percentage of non-inter-level travel turns spent in this place.
 F = Non-inter-level travel turns spent in this place divided by the number of levels of this place that you've seen.
                   A       B       C       D       E      F
               +-------+-------+-------+-------+-------+----------------------
         Total | 100.0 | 100.0 |   2.9 |  28.8 |  40.4 | 814.4
       Dungeon |  90.6 |  91.1 |   2.4 |  28.7 |  40.2 | 1038.8
        Temple |   4.4 |   3.8 |  16.5 |   0.0 |  98.6 | 217.0
         Sewer |   4.9 |   5.1 |   0.0 |  52.8 |   0.0 | 290.0
               +-------+-------+-------+-------+-------+----------------------

Vault maps used:
D:1:      co_arrival_square_in_a_square_in_a_square, serial_forest,
          infiniplex_forest_corner_1, infiniplex_forest_end_double,
          infiniplex_forest_end_2, infiniplex_forest_end_double,
          infiniplex_forest_corner_2, infiniplex_forest_lined_3,
          infiniplex_forest_side_room, minmay_lizard_pond
D:2:      st_stairs_4
D:3:      grunt_qazlal_clouds, tgw_trog, first_ration,
          chequers_ecumenical_altar_lobes, guppyfry_early_orc_mine,
          uniq_crazy_yiuf_cottage
D:4:      grunt_temple_overflow_open, minmay_temple_entry_enclosed_plants,
          cheibrodos_sewer_entry_drain, uniq_blork_the_orc, uniq_eustachio
D:5:      dk_noncrumbling_3
Temple:   dpeg_chambers_temple
Sewer:    sewer_the_crocodile
